 Dungeon Sprint DCSS version 0.27-a0-988-g25969acef8 (webtiles) character file.

Game seed: 858158519214695915

14452 mhtbhm the Sorcerer (level 11, -5/58 HPs)
             Began as a Deep Elf Earth Elementalist on Apr 15, 2021.
             Was the Champion of Vehumet.
             Slain by a seven-headed hydra (15 damage)
             ... in the Dungeon (Sprint VII: "The Pits").
             The game lasted 00:07:59 (2113 turns).

mhtbhm the Sorcerer (Deep Elf Earth Elementalist)   Turns: 2113, Time: 00:08:00

Health: -5/58      AC:  9    Str:  5    XL:     11   Next: 88%
Magic:  36/50      EV: 14    Int: 32    God:    Vehumet [******]
Gold:   0          SH:  0    Dex: 15    Spells: 31/57 levels left

rFire    . . .     SeeInvis .   a - +0 lajatang (spect)
rCold    . . .     Faith    .   (shield currently unavailable)
rNeg     . . .     Spirit   .   c - +0 robe
rPois    .         Reflect  .   t - +3 hat of Pondering {ponderous, Will+ MP+10 Int+5}
rElec    .         Harm     .   (no cloak)
rCorr    .         Rampage  .   r - +0 pair of gloves
Will     ++...     NoTele   +   (no boots)
Stlth    +++.......             (no amulet)
HPRegen  0.19/turn              i - +3 ring of protection
MPRegen  0.32/turn              o - +3 ring of intelligence

@: slow
A: no striking features
a: Renounce Religion


You were in the Dungeon.
You worshipped Vehumet.
Vehumet was exalted by your worship.
You visited 1 branch

Inventory:

Hand Weapons
 a - a +0 spectral lajatang (weapon)
Missiles
 b - 11 stones
 n - 19 poisoned darts (quivered)
Armour
 c - a +0 robe (worn)
 r - a +0 pair of gloves (worn)
 t - the +3 hat of Pondering (worn) {ponderous, Will+ MP+10 Int+5}
   (You took it off Gastronok in the Dungeon)

   It affects your intelligence (+5).
   It affects your magic capacity (+10).
   It increases your willpower.
Jewellery
 i - a +3 ring of protection (left hand)
 o - a +3 ring of intelligence (right hand)
Scrolls
 j - 5 scrolls of amnesia
 k - a scroll of summoning
 l - 2 scrolls of vulnerability
Potions
 d - 7 potions of curing
 e - 3 potions of heal wounds
 f - a potion of haste
 g - 3 potions of magic
 h - 3 potions of berserk rage
 m - 2 potions of invisibility
 p - 4 potions of brilliance
 q - a potion of mutation
 s - 2 potions of cancellation {unknown}


   Skills:
 + Level 2.3 Fighting
 + Level 4.2 Staves
 + Level 5.6 Dodging
 + Level 7.0 Stealth
 + Level 23.7 Spellcasting
 + Level 5.2 Conjurations
 + Level 2.4 Transmutations
 + Level 1.7 Fire Magic
 + Level 1.6 Air Magic
 + Level 20.0 Earth Magic
 + Level 1.7 Poison Magic


You had 31 spell levels left.
You knew the following spells:

 Your Spells              Type           Power      Damage    Failure   Level
a - Sandblast             Erth           100%       2d20      0%          1
b - Passwall              Tmut/Erth      69%        N/A       0%          2
c - Stone Arrow           Conj/Erth      100%       3d13      0%          3
d - Lee's Rapid Deconstr  Erth           52%        3d26*     0%          5
e - Petrify               Tmut/Erth      83%        N/A       1%          4
f - Mephitic Cloud        Conj/Pois/Air  54%        N/A       1%          3
g - Ignite Poison         Fire/Tmut/Pois 50%        N/A       1%          3
h - Iskenderun's Battles  Conj           64%        2d11      1%          5

Your spell library contained the following spells:

 Spells                   Type           Power      Damage    Failure   Level


Dungeon Overview and Level Annotations

Branches:
Dungeon (1/1)

Altars:
Ashenzari
Cheibriados
Dithmenos
Elyvilon
Fedhas
Gozag
Hepliaklqana
Kikubaaqudgha
Makhleb
Nemelex Xobeh
Okawaru
Qazlal
Ru
Sif Muna
Trog
Uskayaw
Vehumet
Wu Jian
Xom
Yredelemnul
Zin
The Shining One
Beogh
Jiyva
Lugonu


Message History

The seven-headed hydra bites you. The seven-headed hydra bites you!
* * * LOW HITPOINT WARNING * * *
The seven-headed hydra closely misses you.
The seven-headed hydra bites you!
* * * LOW HITPOINT WARNING * * *
Unknown command.
You feel much better.
The seven-headed hydra closely misses you.
The seven-headed hydra bites you but does no damage.
The seven-headed hydra bites you! The seven-headed hydra bites you. x2
* * * LOW HITPOINT WARNING * * *
The seven-headed hydra misses you. The seven-headed hydra bites you!
* * * LOW HITPOINT WARNING * * *
You feel much better.
The seven-headed hydra barely misses you.
The seven-headed hydra closely misses you.
The seven-headed hydra bites you. x2; The seven-headed hydra bites you!
The seven-headed hydra bites you but does no damage.
The seven-headed hydra closely misses you.
Unknown command.
Okay, then.
You feel much better.
The seven-headed hydra closely misses you.
The seven-headed hydra bites you but does no damage.
The seven-headed hydra bites you! The seven-headed hydra bites you.
The seven-headed hydra closely misses you.
The seven-headed hydra bites you.
The seven-headed hydra bites you but does no damage.
Unknown command.
Okay, then.
Casting: Petrify (safe; 1% risk of failure)
Confirm with . or Enter, or press ? or * to list all spells.
Aiming: Petrify (safe; 1% risk of failure)
Press: ? - help, Shift-Dir - straight line, f/p - seven-headed hydra
Aim: a seven-headed hydra (chance to affect: 52%)
The seven-headed hydra resists with significant effort.
The seven-headed hydra bites you!
* * * LOW HITPOINT WARNING * * *
The seven-headed hydra bites you!
You die...

.....+ .....# .....#
######
########################
).......#......#.......#
........+......#.......#
#####...#####'##.......###
'...#...........@D[.......
#...#...)...)##+##÷.......
#...#.#####..#...#..###'##
#####)[...#.÷#.÷.#..#
......#...'÷.##'##i.+
......#...#..)÷..)..####'#
###...#...#.........†...)i
..'..)#'###...####†##.....
..#...)[).....#.....#.....


You could see a seven-headed hydra.

Vanquished Creatures
  Gastronok (D)
  Agnes (D)
  A death yak (D)
  A spriggan (D)
  A deep troll (D)
  A sea snake (D)
  A swamp dragon (D)
  An orc knight (D)
  A deep elf zephyrmancer (D)
  An elephant (D)
  Joseph (D)
  2 smoke demons (D)
  A molten gargoyle (D)
  A gargoyle (D)
  An efreet (D)
  2 freezing wraiths (D)
  2 kobold demonologists (D)
  5 blink frogs (D)
  A troll (D)
  2 hornets (D)
  Prince Ribbit (D)
  A snapping turtle (D)
  2 redbacks (D)
  A steam dragon (D)
  An acid dragon (D)
  4 hell hounds (D)
  A swamp drake (D)
  An ogre (D)
  2 orc warriors (D)
  An ice beast (D)
  A black bear (D)
  2 necrophages (D)
  3 wolves (D)
  2 centaurs (D)
  4 kobold brigands (D)
  An earth elemental (D)
  A bullfrog (D)
  2 quasits (D)
  2 hounds (D)
  2 orc priests (D)
  An iguana (D)
  2 iron imps (D)
  Terence (D)
  3 orc wizards (D)
  A mummy (D)
  An adder (D)
  A white imp (D)
  2 orcs (D)
  A bat skeleton (D)
  2 giant cockroaches (D)
  A goblin (D)
  2 hobgoblins (D)
  2 kobolds (D)
  2 quokkas (D)
  2 ball pythons (D)
  A frilled lizard (D)
  A rat (D)
89 creatures vanquished.

Notes
Turn   | Place    | Note
-------+----------+-------------------------------------------
     0 | D        | mhtbhm the Deep Elf Earth Elementalist began the quest for
                  | the Orb.
     0 | D        | Reached XP level 1. HP: 10/10 MP: 6/6
    18 | D        | Found a bloodstained altar of Trog.
    18 | D        | Found a shimmering blue altar of Sif Muna.
    18 | D        | Found a viscous altar of Jiyva.
    18 | D        | Found a hazy altar of Hepliaklqana.
    18 | D        | Found an opulent altar of Gozag.
    19 | D        | Found a glowing golden altar of the Shining One.
    19 | D        | Found a glowing silver altar of Zin.
    19 | D        | Found a basalt altar of Yredelemnul.
    19 | D        | Found a shimmering altar of Xom.
    19 | D        | Found an ornate altar of the Wu Jian Council.
    19 | D        | Found a sacrificial altar of Ru.
    19 | D        | Found a stormy altar of Qazlal.
    19 | D        | Found an iron altar of Okawaru.
    19 | D        | Found a sparkling altar of Nemelex Xobeh.
    19 | D        | Found a burning altar of Makhleb.
    19 | D        | Found a blossoming altar of Fedhas.
    19 | D        | Found a white marble altar of Elyvilon.
    19 | D        | Found a shadowy altar of Dithmenos.
    19 | D        | Found a snail-covered altar of Cheibriados.
    21 | D        | Found a radiant altar of Vehumet.
    21 | D        | Found a corrupted altar of Lugonu.
    22 | D        | Found a hide-covered altar of Uskayaw.
    22 | D        | Found an ancient bone altar of Kikubaaqudgha.
    22 | D        | Found a broken altar of Ashenzari.
    31 | D        | Became a worshipper of Vehumet
   139 | D        | Reached * piety under Vehumet
   139 | D        | Offered knowledge of Foxfire by Vehumet.
   382 | D        | Reached ** piety under Vehumet
   382 | D        | Offered knowledge of Searing Ray by Vehumet.
   383 | D        | Reached XP level 2. HP: 9/15 MP: 8/8
   515 | D        | Reached skill level 5 in Spellcasting
   515 | D        | Reached XP level 3. HP: 16/19 MP: 7/11
   660 | D        | Offered knowledge of Mephitic Cloud by Vehumet.
   660 | D        | Reached *** piety under Vehumet
   661 | D        | Reached skill level 6 in Spellcasting
   661 | D        | Reached XP level 4. HP: 24/24 MP: 9/14
   664 | D        | Reached skill level 1 in Staves
   664 | D        | Reached skill level 7 in Spellcasting
   666 | D        | Reached XP level 5. HP: 28/28 MP: 6/17
   666 | D        | Noticed a necrophage
   668 | D        | Reached **** piety under Vehumet
   670 | D        | Reached skill level 8 in Spellcasting
   672 | D        | Reached skill level 9 in Spellcasting
   675 | D        | Killed a necrophage
   675 | D        | Reached ***** piety under Vehumet
   676 | D        | Reached skill level 10 in Spellcasting
   676 | D        | Reached skill level 10 in Earth Magic
   676 | D        | Reached XP level 6. HP: 21/33 MP: 4/21
   679 | D        | Learned a level 2 spell: Passwall
   683 | D        | Learned a level 3 spell: Stone Arrow
   689 | D        | Learned a level 5 spell: Lee's Rapid Deconstruction
   694 | D        | Learned a level 4 spell: Petrify
   698 | D        | Learned a level 3 spell: Mephitic Cloud
   784 | D        | Offered knowledge of Ignite Poison by Vehumet.
   788 | D        | Reached skill level 5 in Stealth
   788 | D        | Reached skill level 11 in Spellcasting
   792 | D        | Learned a level 3 spell: Ignite Poison
   799 | D        | Offered knowledge of Sticky Flame by Vehumet.
   800 | D        | Reached skill level 1 in Fighting
   800 | D        | Reached skill level 5 in Dodging
   800 | D        | Reached skill level 12 in Spellcasting
   801 | D        | Reached XP level 7. HP: 38/38 MP: 12/24
   865 | D        | Noticed Terence
   865 | D        | Noticed a freezing wraith
   865 | D        | Noticed a kobold demonologist
   868 | D        | Killed a kobold demonologist
   868 | D        | Reached ****** piety under Vehumet
   869 | D        | Reached skill level 14 in Spellcasting
   869 | D        | Killed Terence
   869 | D        | Noticed a kobold demonologist
   870 | D        | Reached XP level 8. HP: 43/43 MP: 14/28
   871 | D        | Killed a kobold demonologist
   872 | D        | Reached skill level 15 in Spellcasting
   878 | D        | Killed a freezing wraith
   879 | D        | Reached skill level 1 in Conjurations
   879 | D        | Reached skill level 1 in Poison Magic
  1055 | D        | Noticed a deep elf zephyrmancer
  1055 | D        | Noticed an elephant
  1056 | D        | Killed a deep elf zephyrmancer
  1056 | D        | Offered knowledge of Iskenderun's Mystic Blast by Vehumet.
  1057 | D        | Reached skill level 16 in Spellcasting
  1057 | D        | Reached XP level 9. HP: 48/48 MP: 27/31
  1059 | D        | Killed an elephant
  1059 | D        | Noticed a freezing wraith
  1060 | D        | Reached skill level 17 in Spellcasting
  1060 | D        | Killed a freezing wraith
  1060 | D        | Killed Prince Ribbit
  1165 | D        | Noticed Joseph
  1165 | D        | Noticed Gastronok
  1165 | D        | Noticed a sea snake
  1167 | D        | Killed Joseph
  1168 | D        | Reached skill level 18 in Spellcasting
  1168 | D        | Reached skill level 15 in Earth Magic
  1168 | D        | Killed a sea snake
  1175 | D        | Killed Gastronok
  1176 | D        | Reached skill level 19 in Spellcasting
  1176 | D        | Reached skill level 1 in Fire Magic
  1176 | D        | Reached XP level 10. HP: 49/53 MP: 14/35
  1325 | D        | Noticed an orc knight
  1328 | D        | Reached skill level 1 in Air Magic
  1328 | D        | Killed an orc knight
  1329 | D        | Reached skill level 20 in Spellcasting
  1329 | D        | Noticed a gargoyle
  1330 | D        | Killed a gargoyle
  1333 | D        | Offered knowledge of Fulminant Prism by Vehumet.
  1352 | D        | Noticed a swamp dragon
  1354 | D        | Killed a swamp dragon
  1538 | D        | Noticed a molten gargoyle
  1541 | D        | Killed a molten gargoyle
  1550 | D        | Noticed a spriggan rider
  1552 | D        | Reached skill level 21 in Spellcasting
  1552 | D        | Killed a spriggan rider
  1552 | D        | Offered knowledge of Iron Shot by Vehumet.
  1553 | D        | Reached XP level 11. HP: 57/57 MP: 38/38
  1636 | D        | Noticed a deep troll
  1640 | D        | Killed a deep troll
  1647 | D        | Reached skill level 22 in Spellcasting
  1848 | D        | Offered knowledge of Irradiate by Vehumet.
  1855 | D        | Noticed a death yak
  1861 | D        | Killed a death yak
  1865 | D        | Reached skill level 23 in Spellcasting
  1873 | D        | Reached skill level 5 in Conjurations
  1874 | D        | Noticed Agnes
  1984 | D        | Killed Agnes
  2093 | D        | Offered knowledge of Iskenderun's Battlesphere by Vehumet.
  2102 | D        | Learned a level 5 spell: Iskenderun's Battlesphere
  2103 | D        | Noticed a seven-headed hydra
  2109 | D        | HP: 2/58 [seven-headed hydra (8)]
  2113 | D        | Slain by a seven-headed hydra

Illustrated notes

Levels and vault maps discovered:
D:        pitsprint [storerooms_1, entrance_room_1, metal_vault_8, armoury_1,
          mini_pit_1, grid_room_1, main_hall_1, silver_pit, the_coven_1,
          the_vestibule_1, steel_vault_2, golden_pit, hallway_of_sentries,
          crystal_vault_4, iron_vault_4, final_vault]

Skill      XL: |  1  2  3  4  5  6  7  8  9 10 11 |
---------------+----------------------------------+-----
Earth Magic    | 4 6 7 8 10 11 12 13 16 18 20 | 20.0
Dodging        | 3 4 5 |  5.6
Stealth        | 3 4 5 6 7 |  7.0
Spellcasting   | 5 6 7 10 12 14 16 19 21 23 | 23.7
Staves         | 1 2 3 4 |  4.2
Fighting       | 1 2 |  2.3
Conjurations   | 1 2 4 5 |  5.2
Poison Magic   | 1 |  1.7
Fire Magic     | 1 |  1.7
Air Magic      | 1 |  1.6
Transmutations | 2 |  2.4

Action                   |  1- 3 |  4- 6 |  7- 9 | 10-12 || total
-------------------------+-------+-------+-------+-------++-------
Melee: Quarterstaff      |     3 |     2 |       |       ||     5
       Lajatang          |       |       |       |     2 ||     2
 Cast: Sandblast         |    17 |    15 |       |       ||    32
       Lee's Rapid Decon |       |     2 |    18 |    41 ||    61
       Stone Arrow       |       |       |     1 |    11 ||    12
       Mephitic Cloud    |       |       |     1 |     2 ||     3
       Ignite Poison     |       |       |     1 |       ||     1
       Petrify           |       |       |       |     5 ||     5
  Use: Potion            |     2 |       |     3 |     5 ||    10
       Scroll            |       |       |     1 |       ||     1
 Stab: Sleeping          |       |     1 |       |       ||     1
Armor: Robe              |     4 |     1 |     1 |     8 ||    14
Dodge: Dodged            |    14 |     3 |     2 |    22 ||    41

Table legend: (Time is in decaauts)
 A = Elapsed time spent in this place.
 B = Non-inter-level travel time spent in this place.
 C = Inter-level travel time spent in this place.
 D = Time resting spent in this place.
 E = Time spent auto-exploring this place.
 F = Levels seen in this place.
 G = Mean time per level.
                   A        B        C        D        E       F      G
               +--------+--------+--------+--------+--------+-----+--------+
         Total |   2124 |   2124 |      0 |   1446 |     93 |   1 | 2124.0 |
       Dungeon |   2124 |   2124 |      0 |   1446 |     93 |   1 | 2124.0 |
               +--------+--------+--------+--------+--------+-----+--------+

Top non-repeatable levels by time:
       D: 2124 daAuts
